 Dungeon Crawl Stone Soup version 0.21-a0-513-gdcb3f5e (webtiles) character file.

90 Starchild the Caller (level 4, 0/30 HPs)
             Began as a Barachi Summoner on Dec 2, 2017.
             Succumbed to a kobold's poison
             ... on level 3 of the Dungeon.
             The game lasted 00:09:59 (3551 turns).

Starchild the Caller (Barachi Summoner)             Turns: 3551, Time: 00:10:01

Health: 0/30       AC:  6    Str: 10    XL:     4   Next: 56%
Magic:  4/7        EV: 12    Int: 16    God:
Gold:   110        SH:  0    Dex: 12    Spells: 1/7 levels left

rFire    + . .     SeeInvis .   f - +0 dagger
rCold    . . .     Gourm    .   (no shield)
rNeg     . . .     Faith    .   a - +0 robe
rPois    .         Spirit   .   (no helmet)
rElec    .         Reflect  .   (no cloak)
rCorr    .         Harm     .   j - +0 pair of gloves
MR       .....                  (no boots)
Stlth    ++........             (no amulet)
HPRegen  0.10/turn              m - +3 ring of protection
MPRegen  0.10/turn              o - ring of protection from fire

@: lethally poisoned (0 -> -30), slow
A: +LOS, swims, slowness 1, strong legs 1
a: Hop


You were on level 3 of the Dungeon.
You were very hungry.

You visited 1 branch of the dungeon, and saw 3 of its levels.

You collected 110 gold pieces.

Inventory:

Hand Weapons
 f - a +0 dagger (weapon)
 B - a +0 vampiric spear
Missiles
 e - 49 stones
 l - 57 arrows
 D - 7 tomahawks (quivered)
Armour
 a - a +0 robe (worn)
 j - a +0 pair of gloves (worn)
Jewellery
 m - a +3 ring of protection (left hand)
 o - a ring of protection from fire (right hand)
Wands
 y - a wand of polymorph (15)
Scrolls
 i - 2 scrolls of identify {unknown}
 k - a scroll of noise {unknown}
 p - a scroll of teleportation {unknown}
 q - 3 scrolls of remove curse {unknown}
 t - 2 scrolls of fog {unknown}
 v - a scroll of enchant armour {unknown}
 w - a scroll of amnesia {unknown}
 x - a scroll of enchant weapon {unknown}
Potions
 d - 3 potions of lignification {unknown}
 h - a potion of magic {unknown}
 n - 2 potions of agility {unknown}
 r - a potion of degeneration {unknown}
 s - a potion of flight {unknown}
 u - a potion of heal wounds {unknown}
 A - a potion of mutation {unknown}
 C - a potion of resistance {unknown}
Books
 b - a book of Callings

   Spells                             Type                      Level
   a - Summon Small Mammal            Summoning                    1
   b - Call Imp                       Summoning                    2
   c - Call Canine Familiar           Summoning                    3
   d - Summon Guardian Golem          Hexes/Summoning              3
   e - Summon Lightning Spire         Summoning/Air                4
   f - Summon Ice Beast               Ice/Summoning                4
Comestibles
 c - 3 bread rations
 g - a royal jelly
 z - a meat ration


   Skills:
 - Level 2.1 Dodging
 - Level 1.7 Stealth
 - Level 2.1 Spellcasting
 + Level 7.1 Summonings


You had one spell level left.
You knew the following spells:

 Your Spells              Type           Power        Failure   Level  Hunger
a - Summon Small Mammal   Summ           ###.         1%          1    #......
b - Call Imp              Summ           ###.....     1%          2    ###....
c - Call Canine Familiar  Summ           ###.....     3%          3    ###....


Dungeon Overview and Level Annotations

Branches:
Dungeon (3/15)

Altars:
Sif Muna


Innate Abilities, Weirdness & Mutations

Shadows flee at your approach. (+LOS)
You can swim through water.
You cover ground slowly.
You can hop short distances.


Message History

You feel very sick. The kobold misses you.
You barely miss the kobold.
The kobold is moderately wounded.
You feel sick.
The kobold hits you with a dagger of venom.
You are more poisoned.
Casting: Summon Small Mammal
Confirm with . or Enter, or press ? or * to list all spells.
You are feeling very hungry.
* * * LOW HITPOINT WARNING * * *
You feel sick. The kobold closely misses you.
* * * LOW HITPOINT WARNING * * *
You feel very sick.
Your hound misses the kobold. The kobold closely misses you.
You hit the kobold.
You kill the kobold!
* * * LOW HITPOINT WARNING * * *
You feel sick.
You die...

....# #..........# ....#
######## #..........#
....# #......#
#.#........# #...#
#......# #.#........#
#...# #......#
#.#..####### #####
#......# #.#..## ##รท..###
#.#...#
########...########.#...##
..............#.@.h.##...#
#############'#.######.#.#
#.....[.# #...# #.......#
##..## # #.......# #...# #
##'####.####...####### #
#.# #............... # #.#
#######...###### # #.#
##..#


You could see a friendly hound.

Vanquished Creatures
  3 adders (D:2)
  A dart slug (D:1)
  A leopard gecko (D:2)
  A ball python (D:3)
  2 giant cockroaches
  5 goblins
  7 hobgoblins
  A jackal (D:1)
  A kobold (D:3)
  A quokka (D:2)
  6 bats
  6 frilled lizards
  8 rats
43 creatures vanquished.

Vanquished Creatures (collateral kills)
  2 adders (D:2)
  A giant cockroach (D:2)
  A hobgoblin (D:1)
  5 jackals (D:1)
  A frilled lizard (D:1)
  4 goblins
  2 rats (D:2)
16 creatures vanquished.

Grand Total: 59 creatures vanquished

Notes
Turn   | Place    | Note
-------+----------+-------------------------------------------
     0 | D:1      | Starchild the Barachi Summoner began the quest for the Orb.
     0 | D:1      | Reached XP level 1. HP: 13/13 MP: 3/3
   116 | D:1      | Reached skill level 5 in Summonings
   386 | D:1      | Reached XP level 2. HP: 12/19 MP: 1/5
  1251 | D:1      | Reached XP level 3. HP: 24/24 MP: 6/6
  1321 | D:1      | Learned a level 2 spell: Call Imp
  1325 | D:1      | Learned a level 3 spell: Call Canine Familiar
  1331 | D:1      | Reached skill level 6 in Summonings
  2134 | D:2      | Reached XP level 4. HP: 11/30 MP: 3/7
  3018 | D:3      | Reached skill level 7 in Summonings
  3056 | D:3      | Found a deep blue altar of Sif Muna.
  3551 | D:3      | Succumbed to a kobold's poison

Vault maps used:
D:1:      onia_arrival_mini_maze
D:2:      roderic_lattice_a, minmay_misc_feat_cross
D:3:      st_stairs_14, lemuel_blue_sif_altar

Skill      XL: |  1  2  3  4 |
---------------+-------------+-----
Summonings     | 5 6 7 |  7.1
Dodging        | |  2.1
Stealth        | |  1.7
Spellcasting   | |  2.1

Action                   |  1- 3 |  4- 6 || total
-------------------------+-------+-------++-------
Melee: Dagger            |   171 |    80 ||   251
       Unarmed           |     1 |       ||     1
Throw: Stone             |     1 |       ||     1
 Cast: Summon Small Mamm |     8 |     1 ||     9
       Call Canine Famil |     5 |     4 ||     9
       Call Imp          |     2 |       ||     2
 Stab: Sleeping          |     7 |       ||     7
  Eat: Chunk             |     5 |     5 ||    10
Armor: Robe              |    51 |    33 ||    84
Dodge: Dodged            |   123 |    55 ||   178

Table legend:
 A = Spawn XP
 B = Non-spawn XP
 C = Spawn XP percentage of total XP
 D = Spawn monster count
 E = Non-spawn monster count
 F = Spawn count percentage of total count
 G = Total turns spent on level
                    A         B        C        D         E        F      G
               +---------+---------+-------+---------+---------+-------+---------
         Total |       0 |     129 |   0.0 |       0 |      59 |   0.0 |  3551
               +---------+---------+-------+---------+---------+-------+---------
           D:1 |       0 |      46 |   0.0 |       0 |      31 |   0.0 |  1520
           D:2 |       0 |      69 |   0.0 |       0 |      19 |   0.0 |  1473
           D:3 |       0 |      14 |   0.0 |       0 |       9 |   0.0 |   558
               +---------+---------+-------+---------+---------+-------+---------
